MLB
WASHINGTON NATIONALS @ MIAMI MARLINS
04/28/2024
 
TOP OF THE 1ST
Washington Nationals batting - Pitching for Miami Marlins : RHP Jorge Fernández
Pitching: RHP Jorge Fernández
Batting: RHB Victor Robles 0-0: Called Strike
0-1: Called Strike
0-2: Ground out 3-1 (Groundball, 13, EV 91.9 MPH)
Batting: LHB Russell Nicholas 0-0: Ball
1-0: Foul Ball, location: 2F
1-1: Ball
2-1: Foul Ball, location: 9LDF
2-2: Strikes out swinging
Batting: RHB Rymer Liriano 0-0: Foul Ball, location: 5F
0-1: Ball
1-1: Ball
2-1: Ball
3-1: Foul Ball, location: 23F
3-2: Strikes out swinging
Top of the 1st over - 0 runs, 0 hits, 0 errors, 0 left on base; Washington 0 - Miami 0
BOTTOM OF THE 1ST
Miami Marlins batting - Pitching for Washington Nationals : RHP Edward Reith
Pitching: RHP Edward Reith
Batting: RHB Grant Delpit 0-0: Ball
1-0: Called Strike
1-1: Foul Ball, location: 3SF
1-2: Ball
2-2: Foul Ball, location: 9LMF
2-2: Strikes out looking
Batting: LHB Travis Swaggerty 0-0: Ground out 4-3 (Groundball, 4S, EV 83.8 MPH)
Batting: LHB Gunnar Henderson 0-0: Ground out 6-3 (Groundball, 6, EV 103.8 MPH)
Bottom of the 1st over - 0 runs, 0 hits, 0 errors, 0 left on base; Washington 0 - Miami 0
TOP OF THE 2ND
Washington Nationals batting - Pitching for Miami Marlins : RHP Jorge Fernández
Batting: RHB Gabriel Moreno 0-0: Ground out 1-3 (Groundball, 13, EV 69.4 MPH)
Batting: RHB T.J. Snow 0-0: Swinging Strike
0-1: Ball
1-1: Foul Ball, location: 5F
1-2: Ball
2-2: Strikes out looking
Batting: LHB Candon Myles 0-0: Ball
1-0: Ball
2-0: Called Strike
2-1: Ball
3-1: Called Strike
3-2: Strikes out swinging
Top of the 2nd over - 0 runs, 0 hits, 0 errors, 0 left on base; Washington 0 - Miami 0
BOTTOM OF THE 2ND
Miami Marlins batting - Pitching for Washington Nationals : RHP Edward Reith
Batting: RHB Ronald Acuna 0-0: Ball
1-0: Called Strike
1-1: Foul Ball, location: 9LSF
1-2: Ball
2-2: Strikes out looking
Batting: RHB Tink Jones 0-0: Fly out, F8 (Flyball, 8LM, EV 88.8 MPH)
Batting: RHB Cristoforo Fiesole 0-0: SINGLE (Flyball, 9S, EV 93.1 MPH)
Batting: RHB Edgardo Cortéz 0-0: Ball
1-0: Called Strike
1-1: Fly out, F9 (Flyball, 9S, EV 88.8 MPH)
Bottom of the 2nd over - 0 runs, 1 hit, 0 errors, 1 left on base; Washington 0 - Miami 0
TOP OF THE 3RD
Washington Nationals batting - Pitching for Miami Marlins : RHP Jorge Fernández
Batting: RHB Augusto Candelalia 0-0: Foul Ball, location: 3FF
0-1: Swinging Strike
0-2: Ball
1-2: Ball
2-2: Strikes out looking
Batting: SHB Matthew Grace 0-0: Ball
1-0: Ground out 4-3 (Groundball, 34, EV 100.0 MPH)
Batting: SHB C.J. Hinojosa 0-0: Called Strike
0-1: Called Strike
0-2: Ball
1-2: Strikes out swinging
Top of the 3rd over - 0 runs, 0 hits, 0 errors, 0 left on base; Washington 0 - Miami 0
BOTTOM OF THE 3RD
Miami Marlins batting - Pitching for Washington Nationals : RHP Edward Reith
Batting: LHB Pavin Smith 0-0: Fly out, F8 (Line Drive, 8LD, EV 93.8 MPH)
Batting: RHB Spencer Sutton 0-0: Ball
1-0: Called Strike
1-1: Foul Ball, location: 23F
1-2: Ball
2-2: Fly out, F7 (Flyball, 7, EV 85.6 MPH)
Batting: RHB Grant Delpit 0-0: Called Strike
0-1: Swinging Strike
0-2: Ball
1-2: DOUBLE (Flyball, 89XD, EV 104.4 MPH)
Batting: LHB Travis Swaggerty 0-0: Called Strike
0-1: Ball
1-1: Foul Ball, location: 2F
1-2: Ball
2-2: Foul Ball, location: 2F
2-2: Ball
3-2: Foul Ball, location: 3F
3-2: SINGLE (Line Drive, 6D, EV 98.1 MPH)
Grant Delpit to third
Runner from 3rd tries for Home, SAFE, throw by CF to home
Batting: LHB Gunnar Henderson 0-0: SINGLE (Line Drive, 6MD, EV 97.5 MPH)
Travis Swaggerty to second
Batting: RHB Ronald Acuna 0-0: Ball
1-0: Called Strike
1-1: Swinging Strike
1-2: Foul Ball, location: 3F
1-2: Strikes out swinging
Bottom of the 3rd over - 1 run, 3 hits, 0 errors, 2 left on base; Washington 0 - Miami 1
TOP OF THE 4TH
Washington Nationals batting - Pitching for Miami Marlins : RHP Jorge Fernández
Batting: RHB Victor Robles 0-0: Ball
1-0: Ball
2-0: Swinging Strike
2-1: Ground out 4-3 (Groundball, 4, EV 85.6 MPH)
Batting: LHB Russell Nicholas 0-0: Ball
1-0: Swinging Strike
1-1: Ground out 4-3 (Groundball, 4, EV 80.6 MPH)
Batting: RHB Rymer Liriano 0-0: Ball
1-0: Ball
2-0: Fly out, F3 (Popup, 3F, EV 57.5 MPH)
Top of the 4th over - 0 runs, 0 hits, 0 errors, 0 left on base; Washington 0 - Miami 1
BOTTOM OF THE 4TH
Miami Marlins batting - Pitching for Washington Nationals : RHP Edward Reith
Batting: RHB Tink Jones 0-0: Ground out 5-3 (Groundball, 56, EV 66.3 MPH)
Batting: RHB Cristoforo Fiesole 0-0: Foul Ball, location: 7LDF
0-1: Ball
1-1: Swinging Strike
1-2: Foul Ball, location: 3FF
1-2: DOUBLE (Flyball, 8LXD, EV 110.0 MPH)
Batting: RHB Edgardo Cortéz 0-0: Ball
1-0: Swinging Strike
1-1: 2-RUN HOME RUN (Flyball, 7LD, EV 96.3 MPH), Distance : 365 ft
Batting: LHB Pavin Smith 0-0: Called Strike
0-1: Fly out, F9 (Flyball, 9, EV 89.4 MPH)
Batting: RHB Spencer Sutton 0-0: Fly out, F7 (Flyball, 7S, EV 76.3 MPH)
Bottom of the 4th over - 2 runs, 2 hits, 0 errors, 0 left on base; Washington 0 - Miami 3
TOP OF THE 5TH
Washington Nationals batting - Pitching for Miami Marlins : RHP Jorge Fernández
Batting: RHB Gabriel Moreno 0-0: Ball
1-0: Ball
2-0: SINGLE (Groundball, 6M, EV 101.3 MPH) (infield hit)
Batting: RHB T.J. Snow 0-0: Called Strike
0-1: Ball
1-1: Ball
2-1: Ball
3-1: Base on Balls
Gabriel Moreno to second
Batting: LHB Candon Myles 0-0: Swinging Strike
0-1: Called Strike
0-2: Fly out, F8 (Flyball, 78D, EV 74.4 MPH)
Batting: RHB Augusto Candelalia 0-0: Foul Ball, location: 2F
0-1: Fly out, F7 (Flyball, 78M, EV 98.8 MPH)
Batting: SHB Matthew Grace 0-0: Foul Ball, location: 2F
0-1: Swinging Strike
0-2: Fly out, F2 (Popup, 25F, EV 87.5 MPH)
Top of the 5th over - 0 runs, 1 hit, 0 errors, 2 left on base; Washington 0 - Miami 3
BOTTOM OF THE 5TH
Miami Marlins batting - Pitching for Washington Nationals : RHP Edward Reith
Batting: RHB Grant Delpit 0-0: Ball
1-0: Called Strike
1-1: Ball
2-1: Ball
3-1: Called Strike
3-2: Fly out, F4 (Line Drive, 34, EV 63.1 MPH)
Batting: LHB Travis Swaggerty 0-0: Called Strike
0-1: DOUBLE (Groundball, 5L, EV 103.1 MPH)
Batting: LHB Gunnar Henderson 0-0: Called Strike
0-1: Called Strike
0-2: Foul Ball, location: 5DF
0-2: Strikes out swinging
Batting: RHB Ronald Acuna 0-0: Ball
1-0: Foul Ball, location: 2F
1-1: Ground out 6-3 (Groundball, 6, EV 98.8 MPH)
Bottom of the 5th over - 0 runs, 1 hit, 0 errors, 1 left on base; Washington 0 - Miami 3
TOP OF THE 6TH
Washington Nationals batting - Pitching for Miami Marlins : RHP Jorge Fernández
Batting: SHB C.J. Hinojosa 0-0: Called Strike
0-1: Ball
1-1: SINGLE (Line Drive, 4D, EV 105.0 MPH)
Batting: RHB Victor Robles 0-0: Ball
1-0: Foul Ball, location: 2F
1-1: Ball
2-1: Fly out, F8 (Flyball, 89M, EV 93.1 MPH)
Batting: LHB Russell Nicholas 0-0: Called Strike
0-1: Ball
1-1: Fielders Choice at 2nd, 6-4 (Groundball, 6, EV 90.0 MPH)
Batting: RHB Rymer Liriano 0-0: Foul Ball, location: 9LDF
0-1: Foul Ball, location: 9LDF
0-2: Ground out 5-3 (Groundball, 56, EV 76.9 MPH)
Top of the 6th over - 0 runs, 1 hit, 0 errors, 1 left on base; Washington 0 - Miami 3
BOTTOM OF THE 6TH
Miami Marlins batting - Pitching for Washington Nationals : RHP Edward Reith
Batting: RHB Tink Jones 0-0: SINGLE (Groundball, 56D, EV 95.0 MPH)
Batting: RHB Cristoforo Fiesole 0-0: Swinging Strike
0-1: Ball
1-1: Fly out, F7 (Line Drive, 78M, EV 97.5 MPH)
Batting: RHB Edgardo Cortéz 0-0: Foul Ball, location: 9LMF
0-1: Called Strike
0-2: Strikes out swinging
Tink Jones is caught stealing 2nd base 2-4
Batter strikes out.
Bottom of the 6th over - 0 runs, 1 hit, 0 errors, 0 left on base; Washington 0 - Miami 3
TOP OF THE 7TH
Washington Nationals batting - Pitching for Miami Marlins : RHP Jorge Fernández
Batting: RHB Gabriel Moreno 0-0: Swinging Strike
0-1: Ball
1-1: Ball
2-1: Foul Ball, location: 9LDF
2-2: Foul Ball, location: 5FF
2-2: Strikes out swinging
Batting: RHB T.J. Snow 0-0: Fly out, F9 (Flyball, 9S, EV 83.8 MPH)
Batting: LHB Candon Myles 0-0: Foul Ball, location: 7LDF
0-1: Foul Ball, location: 7LSF
0-2: Strikes out looking
Top of the 7th over - 0 runs, 0 hits, 0 errors, 0 left on base; Washington 0 - Miami 3
BOTTOM OF THE 7TH
Miami Marlins batting - Pitching for Washington Nationals : RHP Edward Reith
Batting: LHB Pavin Smith 0-0: Ball
1-0: Ball
2-0: Called Strike
2-1: Called Strike
2-2: Foul Ball, location: 3FF
2-2: DOUBLE (Line Drive, 89M, EV 98.8 MPH)
Batting: RHB Spencer Sutton 0-0: Ball
1-0: Ball
Passed Ball!
Pavin Smith to third
2-0: SINGLE (Line Drive, 4D, EV 96.3 MPH)
Pavin Smith scores
Batting: RHB Grant Delpit 0-0: Swinging Strike
0-1: Swinging Strike
0-2: Grounds into double play, 5-4-3 (Groundball, 5, EV 95.6 MPH)
Batting: LHB Travis Swaggerty 0-0: SINGLE (Groundball, 56S, EV 67.5 MPH) (infield hit)
Pitching: RHP Mike Ridell
Batting: LHB Gunnar Henderson 0-0: Foul Ball, location: 3FF
0-1: Called Strike
0-2: Foul Ball, location: 2F
0-2: Ball
1-2: Ball
2-2: Ball
3-2: SINGLE (Groundball, P, EV 81.3 MPH) (infield hit)
Travis Swaggerty to second
Batting: RHB Ronald Acuna 0-0: Ball
1-0: Ball
2-0: SINGLE (Line Drive, 89S, EV 110.6 MPH)
Travis Swaggerty to third
Gunnar Henderson to second
Runner from 3rd tries for Home, SAFE, throw by RF to home
Batting: RHB Tink Jones 0-0: Ball
1-0: Fielders Choice at 2nd, 6-4 (Groundball, 6, EV 85.6 MPH)
Bottom of the 7th over - 2 runs, 5 hits, 0 errors, 2 left on base; Washington 0 - Miami 5
TOP OF THE 8TH
Washington Nationals batting - Pitching for Miami Marlins : RHP Jorge Fernández
Pitching: RHP Martin Miller
Batting: RHB Augusto Candelalia 0-0: Ball
1-0: Fly out, F8 (Flyball, 8LD, EV 86.9 MPH)
Batting: SHB Matthew Grace 0-0: Swinging Strike
0-1: Called Strike
0-2: Strikes out swinging
Batting: SHB C.J. Hinojosa 0-0: Called Strike
0-1: Ball
1-1: Swinging Strike
1-2: Strikes out swinging
Top of the 8th over - 0 runs, 0 hits, 0 errors, 0 left on base; Washington 0 - Miami 5
BOTTOM OF THE 8TH
Miami Marlins batting - Pitching for Washington Nationals : RHP Mike Ridell
Batting: RHB Cristoforo Fiesole 0-0: Ball
1-0: Swinging Strike
1-1: Ball
2-1: Foul Ball, location: 3SF
2-2: Strikes out swinging, 2-3 out at first.
Batting: RHB Edgardo Cortéz 0-0: Called Strike
0-1: Ground out 4-3 (Groundball, 4, EV 65.6 MPH)
Batting: LHB Pavin Smith 0-0: Ground out 5-3 (Groundball, 5L, EV 92.5 MPH)
Bottom of the 8th over - 0 runs, 0 hits, 0 errors, 0 left on base; Washington 0 - Miami 5
TOP OF THE 9TH
Washington Nationals batting - Pitching for Miami Marlins : RHP Martin Miller
Batting: RHB Victor Robles 0-0: Swinging Strike
0-1: Swinging Strike
0-2: Strikes out swinging
Batting: LHB Russell Nicholas 0-0: Ball
1-0: Ground out 6-3 (Groundball, 6S, EV 74.4 MPH)
Batting: RHB Rymer Liriano 0-0: Ball
1-0: Ground out 6-3 (Groundball, 6, EV 96.3 MPH)
Top of the 9th over - 0 runs, 0 hits, 0 errors, 0 left on base; Washington 0 - Miami 5
Thursday, May 2nd , 2024 - OOTP Baseball 24.11 Build 85